 Dungeon Crawl Stone Soup version 0.30-a0-1075-gcd70e7a56d (webtiles) character file.

Game seed: 16555949971067546458

406 kae the Changer (level 6, -18/64 HPs)
             Began as a Demonspawn Transmuter on Apr 14, 2023.
             Demolished by Duvessa
             ... wielding a +2 short sword of distortion
              (21 damage)
             ... on level 4 of the Dungeon.
             The game lasted 00:03:35 (3303 turns).

kae the Changer (Demonspawn Transmuter)             Turns: 3303, Time: 00:03:36

Health: -18/64     AC: 23    Str: 11    XL:     6   Next: 56%
Magic:  10/10      EV:  2    Int: 16    God:
Gold:   220        SH:  0    Dex: 13    Spells: 1/11 levels left

rFire   . . .      SeeInvis .      - Unarmed
rCold   . . .      Faith    .    (no shield)
rNeg    . . .      Spirit   .    a - melded +0 robe
rPois   +          Reflect  .    (helmet currently unavailable)
rElec   .          Rampage  .    (cloak currently unavailable)
rCorr   .          NoTele   +    (gloves currently unavailable)
Will    .....                    (boots currently unavailable)
Stlth   +                        (no amulet)
HPRegen 0.30/turn                (no ring)
MPRegen 0.12/turn                (no ring)

@: tree-form
A: stationary, stasis, torment immunity, boosted hp, (spiny 2), demonic magic 1
a: no special abilities


You were on level 4 of the Dungeon.
You were a tree.
You visited 1 branch of the dungeon, and saw 4 of its levels.

You collected 220 gold pieces.


Innate Abilities, Weirdness & Mutations

You are a tree.
Your roots penetrate the ground, keeping you stationary.
You cannot be teleported.
You are immune to unholy pain and torment.
Your maximum health is greatly increased.
Your equipment is partially melded.
((You are mostly covered in sharp spines.))
Spells you cast may paralyse adjacent enemies.


   Skills:
 - Level 1.0 Fighting
 - Level 1.7 Dodging
 + Level 3.7 Unarmed Combat
 + Level 3.2 Spellcasting
 * Level 4.1 Transmutations
 * Level 1.4 Ice Magic
 - Level 2.5 Poison Magic


You had one spell level left.
You knew the following spells:

 Your Spells              Type           Power      Damage    Failure   Level
a - Beastly Appendage     Tmut           32%        N/A       3%          1
b - Wereblood             Tmut           16%        N/A       4%          2
c - Spider Form           Tmut/Pois      13%        N/A       14%         3
d - Ice Form              Ice/Tmut       11%        N/A       50%         4

Your spell library contained the following spells:

 Spells                   Type           Power      Damage    Failure   Level
 Shock                    Conj/Air       8%         1d3       19%         1
 Ensorcelled Hibernation  Hex/Ice        8%         N/A       21%         2
 Blink                    Tloc           4%         N/A       28%         2
 Lesser Beckoning         Tloc           4%         N/A       28%         2
 Hailstorm                Conj/Ice       4%         3d4       38%         3
 Gell's Gravitas          Tloc           2%         N/A       50%         3
 Teleport Other           Tloc           2%         N/A       50%         3
 Anguish                  Hex/Necr       1%         N/A       88%         4
 Manifold Assault         Tloc           2%         N/A       88%         4
 Irradiate                Conj/Tmut      4%         3d13      91%         5
 Storm Form               Tmut/Air       4%         N/A       100%        7
 Disjunction              Tloc           1%         N/A       100%        8

Inventory:

Missiles
 g - 44 stones
 k - 10 poisoned darts
 l - 8 boomerangs
Armour
 a - a +0 robe (melded)
Magical Staves
 j - a staff of death {!a}
   (You found it on level 2 of the Dungeon)
 r - a staff of poison {!a}
   (You found it on level 3 of the Dungeon)
Jewellery
 s - a ring of willpower
   (You found it on level 4 of the Dungeon)
 F - a ring of fire
   (You found it on level 1 of the Dungeon)
Wands
 i - a wand of flame (13)
   (You took it off Dowan on level 4 of the Dungeon)
Scrolls
 n - a scroll of amnesia
 o - 3 scrolls of teleportation {@r4}
Potions
 b - a potion of lignification {!q}
 c - a potion of ambrosia {unknown}
 d - 2 potions of might
 e - a potion of heal wounds {unknown}
 f - a potion of degeneration {unknown}
 h - a potion of brilliance {unknown}
 m - 2 potions of curing {@q1}
 p - a potion of attraction {!q}
 q - a potion of resistance {unknown}

Dungeon Overview and Level Annotations

Branches:
Dungeon (4/15) Zot: 20702
 Temple: D:4-7

Altars:

Shops:
D:2 [   D:3 [

Annotations:
D:4 Duvessa

.# #.# *####,*******#<#* .# #.#
*##...,,,.........# .###### #.#
#....,,,,.........#* ......# #.#
#.#.#**,*###.####.#*
.####.###.####.#.###.* #,****.#*
.###........†........****,,,,,.#*
...............#...,,,,,,,,,,,.#*
####.########..#e#*******,,,,,..,
#.########..#♣### *,,,,,,**
#...............# *,,,,,,*
##########......#*****,,*,*,*
#...........,,,,*,*,*
#.#.....####**,,,,,,*
#.#.....#******,*,***
*#.###.....,,,,,,,,*
***..,*#######****,*,* *,,##*,*
*,*,*


You could see Duvessa (berserk).


Message History

You feel less confused. Sigmund gestures at you while chanting.
You are confused.
Unknown command.
Sigmund attacks as you move away! Sigmund is struck by your spines.
Sigmund closely misses you.
Unknown command.
You bump into the rock wall.
You kill Sigmund!
Your Spellcasting skill increases to level 3!
Your Transmutations skill increases to level 4!
Your Ice Magic skill increases to level 1!
You have reached level 6! 😨 HP[+3]
You now have 43 max hp (+6).
You regained 3 hp, and now have 17/43 hp.
You now have enough gold to buy a pair of runed boots on D:3, or buy a pair of embroidered gloves on D:3.
You can access your shopping list by pressing '$'.
You now have 220 gold pieces (gained 8).
Items here: )) [ †. 😨 HP[+1] MP[+1]
You start resting.
You feel less confused.
Unknown command.
You start resting. 😮 HP[+4] MP[+2]
You regained 4 hp, and now have 22/43 hp.
You regained 2 mp, and now have 8/10 mp.
This spell is extremely dangerous to cast!
Memorise Ice Form, consuming 4 spell levels and leaving 1?
You start memorising the spell.
You continue memorising. x4
You finish memorising.
Spell assigned to 'd'. 😮 HP[+1]
Things that are here:
a +0 club; a +2 dagger of venom Key pressed, stopping explore.
A giant cockroach is nearby!
Unknown command.
A giant cockroach is nearby! 😎 HP[+20] MP[+2]
Your hp is fully restored (43).
Your mp is fully restored (10).
A giant cockroach is nearby!
A giant cockroach is nearby!
Casting: Spider Form (dangerous; 14% risk of failure)
Confirm with . or Enter, or press ? or * to list all spells.
You turn into a venomous arachnid creature.
Your +0 robe melds into your body.
Malevolent energies surge around you. 😎 MP[-3]
You lost 3 mp, and now have 7/10 mp.
You hit the giant cockroach.
The giant cockroach is poisoned.
The giant cockroach bites you but does no damage.
You barely miss the giant cockroach. The giant cockroach closely misses you.
You hit the giant cockroach but do no damage.
The giant cockroach looks as sick as possible!
You kill the giant cockroach!
No target in view!
No target in view!
Your transformation is almost over.
s - a ring of willpower 😎 MP[+1]
Your transformation has ended.
Your +0 robe unmelds from your body.
Duvessa, Sister of Dowan comes into view.
She is wielding a +2 short sword of distortion. 😎 MP[+1]
Okay, then.
Duvessa shouts!
Duvessa goes berserk!
Really quaff
b - 2 potions of lignification {!q}?
Really quaff the potion of lignification?
You turn into a tree.
Your +0 robe melds into your body.
Your roots penetrate the ground. 😎 HP[+21]
You now have 64 max hp (+21).
Your hp is fully restored (64). 😎 MP[+1]
Your mp is fully restored (10).
You hit Duvessa. Duvessa hits you but does no damage.
You barely miss Duvessa.
Duvessa hits you with a +2 short sword of distortion!
Space warps around you. Duvessa hits you but does no damage.
Space warps horribly around you! 😮 HP[-30]
You take 30 damage, and now have 34/64 hp.
MASSIVE DAMAGE!! (PAUSE)
You hit Duvessa but do no damage. Duvessa hits you but does no damage.
Space warps around you.
* * * LOW HITPOINT WARNING * * *
😨 HP[-2]
You take 2 damage, and now have 32/64 hp.
You smack Duvessa!
Duvessa hits you with a +2 short sword of distortion.
* * * LOW HITPOINT WARNING * * *
Space warps horribly around you!
* * * LOW HITPOINT WARNING * * *
Duvessa hits you with a +2 short sword of distortion.
* * * LOW HITPOINT WARNING * * *
Space warps around you.
* * * LOW HITPOINT WARNING * * *
You smack Duvessa!
Duvessa hits you but does no damage. Space warps horribly around you!!
You die...

Skill      XL: |  1  2  3  4  5 |
---------------+----------------+-----
Transmutations | 2 3 4 |  4.1
Unarmed Combat | 3 |  3.7
Poison Magic   | 1 2 |  2.5
Spellcasting   | 3 |  3.2
Ice Magic      | 1 |  1.4
Fighting       | |  1.0
Dodging        | |  1.7

Action                     |  1- 3 |  4- 6 || total
---------------------------+-------+-------++-------
  Melee: Unarmed           |    66 |    81 ||   147
         Kick              |    18 |     9 ||    27
         Headbutt          |     7 |     2 ||     9
   Cast: Beastly Appendage |    20 |    17 ||    37
         Wereblood         |     1 |     2 ||     3
         Spider Form       |     1 |     5 ||     6
    Use: Scroll            |     3 |     6 ||     9
         Potion            |       |     1 ||     1
   Stab: Sleeping          |       |     2 ||     2
 Armour: Robe              |     9 |     4 ||    13
         Skin              |     1 |     8 ||     9
  Dodge: Dodged            |    38 |    36 ||    74

Levels and vault maps discovered:
D:1:      lemuel_arrival_hallway, layout_basic, st_stairs_2
D:2:      layout_basic, serial_shops, nicolae_shop_statue_plus,
          minmay_lizard_king
D:3:      layout_rooms, nicolae_elyvilon_temple_path, serial_co_window_serial,
          co_window_corner_a, co_window_corner_a, co_window_corner_a,
          co_window_paths_a, co_window_paths_b, co_window_paths_a,
          co_window_corner_a, co_window_unsneaky_path_a, co_window_corner_b,
          co_window_corner_cb, co_window_corner_b, co_window_corner_cb,
          co_window_broadway_a, co_window_4corner_b, glass_columns_c,
          glass_columns_b, glass_columns_c, glass_columns_a, serial_shops, shop,
          grunt_decor_one_mirror
D:4:      layout_loops_ring, minmay_misc_feat_rows, hex_tiny, uniq_pikel,
          uniq_sigmund, uniq_duvessa

Notes
Turn   | Place    | Note
-------+----------+-------------------------------------------
     0 | D:1      | kae the Demonspawn Transmuter began the quest for the Orb.
     0 | D:1      | Reached XP level 1. HP: 15/15 MP: 3/3
     0 | D:1      | magus.rc [v1.11.3]
    72 | D:1      | Reached skill level 2 in Transmutations
   104 | D:1      | You pick up a book of Displacement and begin reading...
   104 | D:1      | You add the spells Lesser Beckoning, Gell's Gravitas and
                  | Teleport Other to your library.
   159 | D:1      | Gained mutation: You are partially covered in sharp spines.
                  | [demonic ancestry]
   159 | D:1      | Reached XP level 2. HP: 19/21 MP: 3/5
   270 | D:1      | You add the spells Shock, Hailstorm, Irradiate and
                  | Disjunction to your library.
   270 | D:1      | Got Sif Muna's Spellbook of Coruscating Transportation
   299 | D:1      | Learned a level 2 spell: Wereblood
   309 | D:1      | Reached skill level 3 in Unarmed Combat
   369 | D:1      | Gained mutation: You are mostly covered in sharp spines.
                  | [demonic ancestry]
   369 | D:1      | Reached XP level 3. HP: 26/26 MP: 4/6
   373 | D:1      | Learned a level 3 spell: Spider Form
   734 | D:2      | Reached skill level 1 in Poison Magic
   902 | D:2      | Reached XP level 4. HP: 31/32 MP: 4/7
  1058 | D:2      | You add the spells Blink, Manifold Assault and Storm Form
                  | to your library.
  1192 | D:2      | Found Ranog's Armour Boutique.
  1859 | D:3      | Reached skill level 3 in Transmutations
  1982 | D:3      | Found Jeuta's Antique Armour Shop.
  2608 | D:4      | You pick up a book of Dreams and begin reading...
  2608 | D:4      | You add the spells Ensorcelled Hibernation and Anguish to
                  | your library.
  2611 | D:4      | Noticed a scorpion
  2619 | D:4      | Killed a scorpion
  2620 | D:4      | Reached skill level 2 in Poison Magic
  2620 | D:4      | Gained mutation: Spells you cast may paralyse adjacent
                  | enemies. [demonic ancestry]
  2620 | D:4      | Reached XP level 5. HP: 37/37 MP: 2/9
  2749 | D:4      | Noticed Dowan
  2848 | D:4      | Killed Dowan
  2946 | D:4      | Identified the +6 quarterstaff of the Fool {flame, rF+++
                  | rC+ Dex+3 Stlth+}
  2986 | D:4      | Noticed a lemure
  2986 | D:4      | Noticed a lemure
  3017 | D:4      | Killed a lemure
  3132 | D:4      | Noticed Sigmund
  3162 | D:4      | Killed Sigmund
  3163 | D:4      | Reached skill level 3 in Spellcasting
  3163 | D:4      | Reached skill level 4 in Transmutations
  3163 | D:4      | Reached skill level 1 in Ice Magic
  3163 | D:4      | Reached XP level 6. HP: 17/43 MP: 5/10
  3186 | D:4      | Learned a level 4 spell: Ice Form
  3295 | D:4      | Noticed Duvessa
  3302 | D:4      | HP: 14/64 [Duvessa/+2 short sword of distortion (15)]
  3302 | D:4      | HP: 3/64 [Duvessa/+2 short sword of distortion (6)]
  3303 | D:4      | Demolished by Duvessa

Vanquished Creatures
  Sigmund (D:4)
  A lemure (D:4)
  A scorpion (D:4)
  Dowan (D:4)
  5 adders
  A worm (D:2)
  2 dart slugs (D:1)
  2 orcs
  3 bats (D:1)
  9 endoplasms
  3 giant cockroaches
  5 goblins
  8 hobgoblins
  6 jackals (D:1)
  2 quokkas
  7 ball pythons
  14 frilled lizards
  6 kobolds
  4 rats
81 creatures vanquished.

Vanquished Creatures (others)
  6 plants (D:2)
6 creatures vanquished.

Grand Total: 87 creatures vanquished

Table legend:
 A = Non-vault XP
 B = Vault XP
 C = Vault XP percentage of total XP
 D = Non-vault monster count
 E = Vault monster count
 F = Vault count percentage of total count
                 A         B        C        D         E       F
            +---------+---------+-------+---------+---------+-------
      Total |     262 |     319 |  54.9 |      68 |      12 |  15.0
            +---------+---------+-------+---------+---------+-------
        D:1 |      49 |       5 |   9.3 |      28 |       2 |   6.7
        D:2 |      57 |       8 |  12.3 |      18 |       8 |  30.8
        D:3 |      36 |       0 |   0.0 |      14 |       0 |   0.0
        D:4 |     120 |     306 |  71.8 |       8 |       2 |  20.0
            +---------+---------+-------+---------+---------+-------

Illustrated notes

Table legend:
 A = Kills in this place as a percentage of kills in the entire game.
 B = Kills by you in this place as a percentage of kills by you in the entire game.
 C = Kills by friends in this place as a percentage of kills by friends in the entire game.
 D = Other kills in this place as a percentage of other kills in the entire game.
 E = Experience gained in this place as a percentage of experience gained in the entire game.
 F = Experience gained in this place divided by the number of levels of this place that you have seen.
                   A       B       C       D       E      F
               +-------+-------+-------+-------+-------+----------------------
         Total | 100.0 | 100.0 |   N/A |   N/A | 100.0 | 145.2
       Dungeon | 100.0 | 100.0 |   N/A |   N/A | 100.0 | 145.2
               +-------+-------+-------+-------+-------+----------------------

Table legend: (Time is in decaauts)
 A = Elapsed time spent in this place.
 B = Non-inter-level travel time spent in this place.
 C = Inter-level travel time spent in this place.
 D = Time resting spent in this place.
 E = Time spent auto-exploring this place.
 F = Levels seen in this place.
 G = Mean time per level.
                   A        B        C        D        E       F      G
               +--------+--------+--------+--------+--------+-----+--------+
         Total |   3296 |   3231 |     65 |    254 |   2415 |   4 |  824.0 |
       Dungeon |   3296 |   3231 |     65 |    254 |   2415 |   4 |  824.0 |
               +--------+--------+--------+--------+--------+-----+--------+

Top non-repeatable levels by time:
     D:3: 1300 daAuts
     D:4: 698 daAuts
     D:2: 692 daAuts
     D:1: 605 daAuts
